 Dungeon Sprint DCSS version 0.23-a0-356-g1757c6e (webtiles) character file.

288626 schets the Bewitcher (level 13, 29/72 HPs)
             Began as a Spriggan Enchanter on Oct 21, 2018.
             Was the Champion of Dithmenos.
             Escaped with the Orb!
             The game lasted 00:27:40 (8367 turns).

schets the Bewitcher (Spriggan Enchanter)           Turns: 8367, Time: 00:27:40

Health: 29/72      AC:  2    Str:  2 (4)  XL:     13   Next: 43%
Magic:  38/38      EV: 32    Int: 25 (27) God:    Dithmenos [******]
Gold:   11         SH:  8    Dex: 15 (17) Spells: 26/52 levels left

rFire    + + +     SeeInvis +   d - +10 quick blade
rCold    + + +     Gourm    .   z - +1 buckler {rC+ rF+}
rNeg     . . .     Faith    .   v - +0 robe of the Battered Wishes {Int+4 Slay+6} (curse)
rPois    +         Spirit   .   (helmet restricted)
rElec    .         Reflect  .   (no cloak)
rCorr    .         Harm     .   (gloves unavailable)
MR       +++..     NoTele   +   (boots unavailable)
Stlth    ++++......             x - amulet of Pantheism {Acrobat rF+ rC+}
HPRegen  0.22/turn              w - ring "Lanack" {rPois rF+ rC+ Int+2}
MPRegen  0.26/turn              g - ring of protection from magic

@: wreathed by umbra, drained, very quick
A: very small, unfitting armour, see invisible, herbivore, speed 3, slow
metabolism 2
0: Orb of Zot
a: Shadow Step, Shadow Form, Renounce Religion


You escaped.
You worshipped Dithmenos.
Dithmenos was exalted by your worship.
You were not hungry.

You visited 1 branch You collected 410 gold pieces.
You spent 399 gold pieces at shops.

Inventory:

Hand Weapons
 a - a +1 dagger
 d - a +10 quick blade (weapon)
 n - the +7 war axe "Zaip" {pain, rN+}
   (You found it in the Dungeon)

   In the hands of one skilled in necromantic magic, it inflicts extra damage on
   living creatures.
   It protects you from negative energy.
 y - a +4 quick blade
Missiles
 s - 49 stones (quivered)
Armour
 b - a +0 robe
 r - a +2 robe of positive energy
 v - the cursed +0 robe of the Battered Wishes (worn) {Int+4 Slay+6}
   (You bought it in a shop in the Dungeon)

   It affects your intelligence (+4).
   It affects your accuracy and damage with ranged weapons and melee attacks
   (+6).
   It has a curse placed upon it.
 z - a +1 buckler of resistance (worn)
 A - the +1 faerie dragon scales {+Fly rCorr Dex+2 Clar}
   (You took it off the Enchantress in the Dungeon)

   It affects your dexterity (+2).
   It lets you fly.
   It protects you against confusion.
   It provides partial protection from all sources of acid and corrosion.
Magical Staves
 p - an uncursed staff of cold
 u - an uncursed staff of energy
Jewellery
 g - a ring of protection from magic (right hand)
 l - the amulet of invisibility {+Inv}
   (You found it in the Dungeon)

   [amulet of nothing]

   It lets you turn invisible.
 m - an uncursed ring of positive energy
 t - a +3 ring of intelligence
 w - the ring "Lanack" (left hand) {rPois rF+ rC+ Int+2}
   (You found it in the Dungeon)

   [ring of poison resistance]

   It affects your intelligence (+2).
   It protects you from fire.
   It protects you from cold.
   It protects you from poison.
 x - the amulet of Pantheism (around neck) {Acrobat rF+ rC+}
   (You found it in the Dungeon)

   [amulet of the acrobat]

   It helps you evade while moving and waiting.
   It protects you from fire.
   It protects you from cold.
Scrolls
 i - a scroll of identify
 j - a scroll of blinking
 k - 2 scrolls of fog
 q - a scroll of magic mapping
Potions
 h - 2 potions of magic
Miscellaneous
 o - a crystal ball of energy


   Skills:
 * Level 10.5(10.1) Fighting
 - Level 8.3(7.9) Short Blades
 + Level 18.9(18.5) Dodging
 - Level 15.1(14.7) Stealth
 - Level 4.0(3.7) Shields
 - Level 20.1(19.7) Spellcasting
 - Level 20.1(19.7) Hexes
 - Level 10.0(9.6) Transmutations
 - Level 5.1(4.8) Ice Magic
 - Level 7.0(6.7) Invocations
 - Level 10.2(9.9) Evocations


You had 26 spell levels left.
You knew the following spells:

 Your Spells              Type           Power        Failure   Level  Hunger
a - Corona                Hex            #######      0%          1    None
b - Confuse               Hex            #######.     0%          3    None
c - Tukima's Dance        Hex            #######.     0%          3    None
d - Ensorcelled Hibernat  Hex/Ice        ######       1%          2    None
e - Dazzling Spray        Conj/Hex       ######       1%          3    None
f - Metabolic Englaciati  Hex/Ice        ######....   1%          5    None
g - Yara's Violent Unrav  Hex/Tmut       #######...   1%          5    None
h - Petrify               Tmut/Erth      #####...     3%          4    None

Your spell library contained the following spells:

 Spells                   Type           Power        Failure   Level  Hunger
 Confusing Touch          Hex            ######       0%          1    None
 Gell's Gravitas          Tloc           ###.......   7%          3    None


Dungeon Overview and Level Annotations

Branches:
Dungeon (1/1)

Altars:
Cheibriados
Dithmenos
Elyvilon
Gozag
Hepliaklqana
Kikubaaqudgha
Makhleb
Nemelex Xobeh
Okawaru
Qazlal
Ru
Sif Muna
Trog
Uskayaw
Vehumet
Wu Jian
Xom
Yredelemnul
Zin
The Shining One
Beogh
Jiyva
Lugonu

Shops:
D (!%%:*[[[[![*:?!***}*


Innate Abilities, Weirdness & Mutations

You are very small and have problems with some larger weapons.
You are too small for most types of armour.
You have supernaturally acute eyesight. (SInv)
You are a herbivore.
You cover ground extremely quickly.
You need to consume almost no food.


Message History

A Brimstone Fiend comes into view.
There is an open door here.
You start resting.
HP restored.
There is an open door here.
There is an open door here.
The Brimstone Fiend hits the fungus. x2; The Brimstone Fiend hits the fungus!
The Brimstone Fiend roars!
You block the Brimstone Fiend's attack. x2
The Brimstone Fiend completely misses you.
The Brimstone Fiend gestures at you.
The sphere of damnation explodes!
The damnation engulfs you!
Ouch! That really hurt!
You emit a cloud of dark smoke.
The damnation engulfs the fungus. x2
The damnation engulfs the Brimstone Fiend.
The Brimstone Fiend completely resists.
There is an open door here.
There is a staircase leading out of the dungeon here.
You can't go down here!
You have escaped!

##################
#@.1P#.....#.....#
#PP§§§§....'.#...'
#P§PP#.....#.#...#
###############'##
#...♣........'...#
#......♣.....#...#
#.....♣..♣..######
##'####'######..')
#..#....'.......#♣


You could see a Brimstone Fiend.

Vanquished Creatures
  the Enchantress (D)
  Agnes (D)
  2 ghost moths (D)
  6 spriggan defenders (D)
  5 spriggan berserkers (D)
  4 spriggan druids (D)
  25 oklob plants (D)
  3 moths of wrath (D)
  4 demonic crawlers (D)
  3 burning bushes (D)
  3 wandering mushrooms (D)
  2 queen bees (D)
  10 hornets (D)
  5 oklob saplings (D)
  2 scorpions (D)
  4 killer bees (D)
  2 worker ants (D)
  11 spriggans (D)
  A river rat (D)
  A rat (D)
  3 ballistomycetes (D)
  2 ballistomycete spores (D)
100 creatures vanquished.

Vanquished Creatures (others)
  A fungus (D)
1 creature vanquished.

Grand Total: 101 creatures vanquished

Notes
Turn   | Place    | Note
-------+----------+-------------------------------------------
     0 | D        | schets the Spriggan Enchanter began the quest for the Orb.
     0 | D        | Reached XP level 1. HP: 9/9 MP: 5/5
     8 | D        | Reached XP level 2. HP: 13/13 MP: 5/7
    33 | D        | Noticed an oklob sapling
    37 | D        | Found the amulet of invisibility {+Inv}
    43 | D        | Reached skill level 5 in Hexes
    43 | D        | Reached XP level 3. HP: 16/16 MP: 8/10
   199 | D        | Learned a level 3 spell: Confuse
   203 | D        | Learned a level 3 spell: Tukima's Dance
   206 | D        | Learned a level 2 spell: Ensorcelled Hibernation
   209 | D        | Found an opulent altar of Gozag.
   209 | D        | Found a hazy altar of Hepliaklqana.
   209 | D        | Found a burning altar of Makhleb.
   209 | D        | Found a roughly hewn altar of Beogh.
   209 | D        | Found a sparkling altar of Nemelex Xobeh.
   209 | D        | Found a snail-covered altar of Cheibriados.
   209 | D        | Found a sacrificial altar of Ru.
   209 | D        | Found a deep blue altar of Sif Muna.
   209 | D        | Found a shimmering altar of Xom.
   209 | D        | Found a basalt altar of Yredelemnul.
   212 | D        | Found a viscous altar of Jiyva.
   212 | D        | Found a bloodstained altar of Trog.
   212 | D        | Found an ornate altar of the Wu Jian Council.
   212 | D        | Noticed an oklob sapling priest
   213 | D        | Found an iron altar of Okawaru.
   213 | D        | Found a shadowy altar of Dithmenos.
   213 | D        | Found a glowing silver altar of Zin.
   214 | D        | Found an ancient bone altar of Kikubaaqudgha.
   214 | D        | Found a hide-covered altar of Uskayaw.
   215 | D        | Found a white marble altar of Elyvilon.
   215 | D        | Found a stormy altar of Qazlal.
   215 | D        | Found a glowing golden altar of the Shining One.
   216 | D        | Found a corrupted altar of Lugonu.
   216 | D        | Found a radiant altar of Vehumet.
   221 | D        | Became a worshipper of Dithmenos the Shadowed
   223 | D        | Killed an oklob sapling priest
   223 | D        | Reached skill level 10 in Stealth
   223 | D        | Reached skill level 5 in Spellcasting
   223 | D        | Reached XP level 4. HP: 21/21 MP: 9/12
   402 | D        | Learned a level 3 spell: Dazzling Spray
   418 | D        | Reached * piety under Dithmenos
   418 | D        | Reached XP level 5. HP: 24/24 MP: 12/15
   872 | D        | Noticed a queen bee
   879 | D        | Killed a queen bee
   879 | D        | Reached XP level 6. HP: 28/28 MP: 15/18
   880 | D        | Reached ** piety under Dithmenos
   880 | D        | Reached skill level 15 in Stealth
   883 | D        | Reached skill level 10 in Hexes
   892 | D        | Reached skill level 10 in Spellcasting
   892 | D        | Reached XP level 7. HP: 19/32 MP: 10/21
  1019 | D        | Noticed an oklob plant
  1025 | D        | Killed an oklob plant
  1025 | D        | Reached *** piety under Dithmenos
  1025 | D        | Reached skill level 5 in Dodging
  1031 | D        | Got a scorched war axe
  1032 | D        | Identified the +7 war axe "Zaip" {pain, rN+} (You found it
                  | in the Dungeon)
  1077 | D        | Noticed a burning bush
  1080 | D        | Killed a burning bush
  1080 | D        | Reached XP level 8. HP: 36/36 MP: 22/24
  1122 | D        | Noticed a burning bush
  1122 | D        | Noticed an oklob plant
  1125 | D        | Noticed a wandering mushroom
  1131 | D        | Killed a burning bush
  1146 | D        | Killed an oklob plant
  1146 | D        | Reached skill level 5 in Evocations
  1149 | D        | Reached **** piety under Dithmenos
  1159 | D        | Killed a wandering mushroom
  1159 | D        | Reached XP level 9. HP: 39/39 MP: 7/26
  1466 | D        | Noticed a spriggan druid
  1467 | D        | Killed a spriggan druid
  1467 | D        | Reached skill level 5 in Invocations
  1539 | D        | Reached ***** piety under Dithmenos
  1569 | D        | Found Hiux's Magic Scroll Shop.
  1569 | D        | Found Antess's Book Emporium.
  1576 | D        | Noticed a burning bush
  1576 | D        | Noticed a wandering mushroom
  1577 | D        | Noticed a wandering mushroom
  1580 | D        | Killed a burning bush
  1722 | D        | Found Keewkod's General Store.
  1722 | D        | Found Qionail's Assorted Antiques.
  1804 | D        | Noticed an oklob plant conjurer
  1805 | D        | Killed an oklob plant conjurer
  1817 | D        | Learned a level 5 spell: Metabolic Englaciation
  1823 | D        | Learned a level 5 spell: Yara's Violent Unravelling
  1947 | D        | Noticed an oklob plant
  1947 | D        | Noticed an oklob plant summoner
  1949 | D        | Noticed an oklob plant shifter
  1953 | D        | Killed an oklob plant
  1953 | D        | Reached skill level 1 in Transmutations
  1953 | D        | Reached skill level 5 in Ice Magic
  1955 | D        | Killed an oklob plant summoner
  1955 | D        | Reached XP level 10. HP: 44/44 MP: 26/29
  1958 | D        | Killed an oklob plant shifter
  1958 | D        | Reached ****** piety under Dithmenos
  2153 | D        | Noticed a spriggan rider
  2154 | D        | Found Jinnos's Gadget Emporium.
  2157 | D        | Reached skill level 10 in Dodging
  2159 | D        | Found Taunk's General Store.
  2162 | D        | Killed a spriggan rider
  2162 | D        | Reached skill level 15 in Hexes
  2216 | D        | Noticed Agnes
  2219 | D        | Found Pisain's Distillery.
  2219 | D        | Noticed a spriggan berserker
  2221 | D        | Found Huqiguc's General Store.
  2259 | D        | Killed Agnes
  2259 | D        | Reached skill level 15 in Spellcasting
  2426 | D        | Killed a spriggan berserker
  2426 | D        | Reached skill level 10 in Evocations
  2434 | D        | Noticed a spriggan defender
  2445 | D        | Noticed a spriggan rider
  2447 | D        | Killed a spriggan rider
  2447 | D        | Reached XP level 11. HP: 43/47 MP: 26/32
  2485 | D        | Noticed a ghost moth
  2486 | D        | Found Lamoas's Food Emporium.
  2486 | D        | Found Winubium's Distillery.
  2486 | D        | Found Gesum's Weapon Shoppe.
  2496 | D        | Killed a ghost moth
  2570 | D        | Noticed an oklob plant shifter
  2570 | D        | Noticed an oklob plant meteorologist
  2575 | D        | Killed an oklob plant shifter
  2583 | D        | Killed an oklob plant meteorologist
  2630 | D        | Killed a spriggan defender
  2682 | D        | Learned a level 4 spell: Petrify
  2720 | D        | Noticed a spriggan rider
  3077 | D        | Killed a spriggan rider
  3417 | D        | Found Ufaest's Book Shoppe.
  3417 | D        | Found Gomowk's Assorted Antiques.
  3417 | D        | Found Vext's Armour Emporium.
  3418 | D        | Found Emac's Armour Emporium.
  3418 | D        | Found Muozisa's Food Shop.
  3418 | D        | Found Qodox's Armour Shoppe.
  3418 | D        | Found Meriyng's Distillery.
  3418 | D        | Found Qejadd's Antique Armour Boutique.
  3438 | D        | Bought an ancient robe for 159 gold pieces
  3448 | D        | Identified the cursed +0 robe of the Battered Wishes {Int+4
                  | Slay+6} (You bought it in a shop in the Dungeon)
  3458 | D        | Noticed an oklob plant summoner
  3465 | D        | Found Jewomem's Armour Emporium.
  3466 | D        | Found Icitsuull's General Store.
  3471 | D        | Killed an oklob plant summoner
  3501 | D        | Noticed an oklob plant
  3501 | D        | Noticed an oklob plant
  3501 | D        | Noticed an oklob plant
  3501 | D        | Noticed an oklob plant
  3501 | D        | Noticed an oklob plant
  3501 | D        | Noticed an oklob plant
  3523 | D        | Noticed an oklob plant demonologist
  3523 | D        | Noticed an oklob plant annihilator
  3876 | D        | Noticed a spriggan berserker
  3882 | D        | Killed an oklob plant annihilator
  3884 | D        | Killed a spriggan berserker
  3886 | D        | Killed an oklob plant demonologist
  3891 | D        | Got a coiled bronze ring
  3893 | D        | Identified the ring "Lanack" {rPois rF+ rC+ Int+2} (You
                  | found it in the Dungeon)
  3899 | D        | Got a transparent copper amulet
  4028 | D        | Identified the amulet of Pantheism {Acrobat rF+ rC+} (You
                  | found it in the Dungeon)
  4067 | D        | Noticed an oklob plant
  4075 | D        | Killed an oklob plant
  4190 | D        | Noticed an oklob plant
  4193 | D        | Killed an oklob plant
  4193 | D        | Reached XP level 12. HP: 51/51 MP: 24/35
  4197 | D        | Reached skill level 5 in Short Blades
  4717 | D        | Bought a ration for 50 gold pieces
  4717 | D        | Bought a ration for 50 gold pieces
  4739 | D        | Reached skill level 15 in Dodging
  4897 | D        | Noticed a spriggan defender
  4897 | D        | Noticed a spriggan defender
  4932 | D        | Killed a spriggan defender
  4957 | D        | Reached skill level 10 in Transmutations
  5068 | D        | Killed a spriggan defender
  5715 | D        | Noticed a spriggan defender
  5722 | D        | Killed a spriggan defender
  5726 | D        | Identified the +1 faerie dragon scales {+Fly rCorr Dex+2
                  | Clar}
  5726 | D        | Noticed the Enchantress
  5826 | D        | Bought a potion of haste for 140 gold pieces
  6143 | D        | Killed the Enchantress
  6143 | D        | Reached XP level 13. HP: 60/66 MP: 33/38
  6840 | D        | Reached skill level 1 in Shields
  7562 | D        | Noticed a ghost moth
  7597 | D        | Killed a ghost moth
  7845 | D        | Noticed a spriggan defender
  7851 | D        | Noticed a spriggan defender
  7858 | D        | Killed a spriggan defender
  7858 | D        | Reached skill level 10 in Fighting
  7875 | D        | Killed a spriggan defender
  8117 | D        | Got the Orb of Zot
  8170 | D        | Noticed a Brimstone Fiend
  8189 | D        | Noticed a green death
  8318 | D        | Noticed a Brimstone Fiend
  8367 | D        | Escaped with the Orb!

Vault maps used:
D:        dungeon_sprint_fedhas

Skill      XL: |  1  2  3  4  5  6  7  8  9 10 11 12 13 |
---------------+----------------------------------------+-----
Stealth        | 6 8 10 11 14 15 | 15.1
Spellcasting   | 3 4 5 6 8 10 11 12 14 16 18 20 | 20.1
Hexes          | 4 5 6 7 9 10 11 12 14 16 18 20 | 20.1
Dodging        | 5 7 9 12 14 17 18 | 18.9
Ice Magic      | 2 3 5 |  5.1
Invocations    | 3 4 6 7 |  7.0
Evocations     | 4 6 8 10 | 10.2
Transmutations | 2 6 8 10 | 10.0
Short Blades   | 4 8 |  8.3
Fighting       | 6 10 | 10.5
Shields        | 4 |  4.0

Action                   |  1- 3 |  4- 6 |  7- 9 | 10-12 | 13-15 || total
-------------------------+-------+-------+-------+-------+-------++-------
Melee: Dagger            |     8 |     8 |    56 |   115 |       ||   187
       Quick blade       |       |       |       |    13 |    33 ||    46
 Cast: Confuse           |       |     2 |    18 |    25 |     4 ||    49
       Ensorcelled Hiber |       |     3 |     2 |     3 |     5 ||    13
       Dazzling Spray    |       |       |     1 |    46 |    32 ||    79
       Metabolic Englaci |       |       |       |    10 |     2 ||    12
       Yara's Violent Un |       |       |       |     1 |       ||     1
Invok: Shadow Step       |       |       |       |     2 |       ||     2
       Shadow Form       |       |       |       |     1 |     1 ||     2
 Abil: Evoke Invisibilit |     1 |     3 |     4 |     9 |     2 ||    19
  Use: Potion            |     1 |       |       |     2 |     3 ||     6
       Scroll            |       |       |       |       |     2 ||     2
 Stab: Sleeping          |     2 |     6 |     9 |    22 |     6 ||    45
       Invisible         |       |     2 |     3 |    30 |     7 ||    42
       Confused          |       |       |    12 |     1 |       ||    13
       Distracted        |       |       |       |     1 |       ||     1
  Eat: Ration            |       |       |     1 |     4 |     2 ||     7
Armor: Robe              |       |       |       |     2 |       ||     2
Dodge: Dodged            |     6 |     1 |    12 |    59 |    24 ||   102
Block: Buckler           |       |       |       |       |     5 ||     5

Table legend:
 A = Non-vault XP
 B = Vault XP
 C = Vault XP percentage of total XP
 D = Non-vault monster count
 E = Vault monster count
 F = Vault count percentage of total count
                 A         B        C        D         E       F
            +---------+---------+-------+---------+---------+-------
      Total |    1598 |   47869 |  96.8 |       6 |      89 |  93.7
            +---------+---------+-------+---------+---------+-------
          D |    1598 |   47869 |  96.8 |       6 |      89 |  93.7
            +---------+---------+-------+---------+---------+-------
